 Dungeon Crawl Stone Soup version 0.30.1-4-g462c640d31 (webtiles) character file.

Game seed: 10421745013565276721

77 Almogavar the Slasher (level 4, 0/51 HPs)
             Began as a Demonspawn Gladiator on Sept 6, 2023.
             Succumbed to an adder's poison
             ... on level 2 of the Dungeon.
             The game lasted 00:03:02 (1917 turns).

Almogavar the Slasher (Demonspawn Gladiator)        Turns: 1917, Time: 00:03:03

Health: 0/51       AC: 22    Str: 17    XL:     4   Next: 14%
Magic:  4/4        EV:  2    Int:  9    God:
Gold:   54         SH:  0    Dex: 14    Spells: 3/3 levels left

rFire   . . .        a - +0 long sword
rCold   . . .        (no shield)
rNeg    . . .        b - melded +0 leather armour
rPois   +            c - melded +0 helmet
rElec   .            (cloak currently unavailable)
rCorr   .            (gloves currently unavailable)
SInv    .            r - melded +0 pair of boots
Will    .....        (no amulet)
Stlth   ++           (no ring)
HPRegen 0.28/turn    (no ring)
MPRegen 0.09/turn

%: no passive effects
@: lethally poisoned (0 -> -6), tree-form, attractive, hasted, very quick
A: stationary, stasis, torment immunity, boosted hp, (hooves 1), ignite blood 1
a: no special abilities


You were on level 2 of the Dungeon.
You were a tree.
You visited 1 branch of the dungeon, and saw 2 of its levels.

You collected 54 gold pieces.

Inventory:

Hand Weapons
 a - a +0 long sword (weapon)
Missiles
 d - 3 throwing nets (quivered)
 e - 7 javelins
Armour
 b - a +0 leather armour (melded)
 c - a +0 helmet (melded)
 r - a +0 pair of boots (melded)
Scrolls
 f - a scroll of enchant weapon {unknown}
 g - a scroll of vulnerability {unknown}
 h - a scroll of noise {unknown}
 k - a scroll of teleportation {unknown}
 q - a scroll of identify {unknown}
Potions
 i - a potion of haste
 n - a potion of degeneration {unknown}
 o - a potion of resistance {unknown}
 p - a potion of mutation {unknown}
 s - a potion of magic {unknown}


   Skills:
 + Level 2.3 Fighting
 + Level 3.4 Long Blades
 + Level 1.8 Throwing
 + Level 1.3 Armour
 + Level 3.2 Dodging
 + Level 0.6 Stealth


You had 3 spell levels left.
You didn't know any spells.
Your spell library contained the following spells:

 Spells                   Type           Power      Damage    Failure   Level
 Apportation              Tloc           0%         N/A       38%         1
 Necrotise                Necr           0%         1d4       38%         1
 Shock                    Conj/Air       0%         1d3       38%         1
 Summon Small Mammal      Summ           0%         N/A       38%         1
 Ignite Poison            Fire/Tmut/Pois 0%         N/A       77%         3
 Swiftness                Air            0%         N/A       77%         3
 Airstrike                Air            0%         2d(0-16)  99%         4
 Sticky Flame             Conj/Fire      0%         2d3       99%         4
 Ignition                 Fire           0%         3d3       100%        8


Dungeon Overview and Level Annotations

Branches:
Dungeon (2/15)

Altars:

Shops:
D:1 (


Innate Abilities, Weirdness & Mutations

You are a tree.
Your roots penetrate the ground, keeping you stationary.
You cannot be teleported.
You are immune to unholy pain and torment.
Your maximum health is greatly increased.
Your equipment is partially melded.
((You have large cloven feet.))
Your demonic aura sometimes causes spilled blood to erupt in flames.


Message History

You barely miss the adder.
You feel sick. The adder bites you. The adder closely misses you.
You miss the adder.
You feel sick. The adder bites you. x2
You are more poisoned.
The adder poisons you!
You barely miss the adder.
You feel very sick. The adder misses you.
You hit the adder.
The adder is lightly wounded.
You feel sick. The adder bites you.
You are more poisoned.
The adder poisons you! The adder misses you.
You barely miss the adder.
The adder is lightly wounded.
* * * LOW HITPOINT WARNING * * *
You feel very sick. The adder bites you.
* * * LOW HITPOINT WARNING * * *
You are more poisoned.
The adder poisons you!
It was a potion of haste.
You feel yourself speed up.
* * * LOW HITPOINT WARNING * * *
You feel very sick. The adder misses you.
The adder bites you but does no damage.
It was a potion of flight.
You feel very buoyant.
You fly up into the air.
* * * LOW HITPOINT WARNING * * *
You feel sick.
It was a potion of attraction.
You feel attractive to monsters.
* * * LOW HITPOINT WARNING * * *
You feel sick. The adder misses you.
It was a potion of lignification.
You turn into a tree.
Your +0 helmet melds into your body.
Your +0 pair of boots melds into your body.
Your +0 leather armour melds into your body.
Your roots penetrate the ground.
You die...

#.#
♣♣.♣.♣.♣♣
♣.♣♣...♣
#.#
♣♣♣♣...♣♣♣
♣.♣♣♣♣.♣
#.#
♣♣♣.♣.♣
♣.♣ .♣ #.#
♣♣..♣ )♣♣
.♣ #.#
♣..♣♣ ♣ ♣
#.# ♣♣.♣♣
..# ♣♣..♣
### ♣.♣♣♣
♣♣♣ ♣S♣
$♣♣ ♣. ♣.
.♣ . >♣


You could see an adder.

Vanquished Creatures
  4 adders (D:2)
  2 worms (D:2)
  A dart slug (D:1)
  6 endoplasms
  A giant cockroach (D:1)
  4 hobgoblins
  2 quokkas
  A ball python (D:2)
  A bat (D:2)
  A frilled lizard (D:1)
  4 goblins
  4 kobolds
  3 rats
34 creatures vanquished.

Notes
Turn   | Place    | Note
-------+----------+-------------------------------------------
     0 | D:1      | Almogavar the Demonspawn Gladiator began the quest for the
                  | Orb.
     0 | D:1      | Reached XP level 1. HP: 16/16 MP: 1/1
   165 | D:1      | Found a faded altar of an unknown god.
   284 | D:1      | Gained mutation: You have large cloven feet. [demonic
                  | ancestry]
   284 | D:1      | Reached XP level 2. HP: 22/22 MP: 2/2
   685 | D:1      | Found Woanimot's Weapon Shop.
   999 | D:2      | Reached XP level 3. HP: 21/27 MP: 3/3
  1310 | D:2      | Reached skill level 1 in Armour
  1598 | D:2      | Gained mutation: Your demonic aura sometimes causes spilled
                  | blood to erupt in flames. [demonic ancestry]
  1598 | D:2      | Reached XP level 4. HP: 33/34 MP: 4/4
  1916 | D:2      | HP: 1/34 [poisoned by an adder]
  1917 | D:2      | Succumbed to an adder's poison

Illustrated notes

Levels and vault maps discovered:
D:1:      spicycebolla_arrival_xxxplode, layout_loops_ring, serial_shops,
          nicolae_shop_peninsula, ebering_ecumenical_altar_abandoned,
          minmay_pentomino_z4
D:2:      kb_forest_paths, layout_basic, patterned_corridor

Skill      XL: |  1  2  3 |
---------------+----------+-----
Dodging        | 3 |  3.2
Long Blades    | 3 |  3.4
Armour         | 1 |  1.3
Fighting       | |  2.3
Throwing       | |  1.8
Stealth        | |  0.6

Action                     |  1- 3 |  4- 6 || total
---------------------------+-------+-------++-------
  Melee: Long sword        |    92 |    14 ||   106
         Kick              |    21 |       ||    21
    Use: Potion            |       |     4 ||     4
   Stab: Sleeping          |     3 |     1 ||     4
 Armour: Leather armour    |    16 |     3 ||    19
  Dodge: Dodged            |    43 |     9 ||    52
